AoeStats
← 无忧无虑

Nomad

509094548Analyzed
4v4 RM · 6d ago on Sep 25, 2026· 26m 37s· 8 players
Game mode
Random Map
Map size
231×231
Population
200
Speed
Normal
Resources
Standard
Victory
Conquest
Starting age
Dark Age
Ending age
Imperial Age
RankedLock teamsTeams togetherTeam positionsShared explorationLock speedFull tech treeHidden civsTurbo modeCheats
Victory
Defeat
🇨🇳 Huns · China
1104
+13
🇨🇳 Saxons · China
1100
+13
🇨🇳 Varangians · China
1071
+14
🇨🇳 Wu · China
1040
+15
🇪🇸 Wei · Spain
1092
-16
🇮🇱 Mongols · Israel
1024
-14
🇨🇳 Teutons · China
1000
-40
🇦🇷 Byzantines · Argentina
994
-12
Mike
9:35 Loom
12:42 Feudal Age
13:08 Loom
17:35 Castle Age
17:52 Double-Bit Axe
17:48 Horse Collar
19:04 Bow Saw
18:58 Fletching
fran135
16:45 Feudal Age
19:34 Double-Bit Axe
19:32 Horse Collar
23:33 Castle Age
25:08 Stone Mining
25:14 Gold Mining
25:37 Bow Saw
25:33 Heavy Plow
CheLoco3552
6:02 Loom
15:54 Feudal Age
17:28 Double-Bit Axe
23:30 Castle Age
24:31 Medium Warships
24:20 Horse Collar
24:53 Bow Saw
25:48 Wheelbarrow
25:32 Stone Mining
26:19 Gold Mining
无忧无虑
10:00 Loom
15:28 Feudal Age
16:39 Double-Bit Axe
20:21 Horse Collar
22:58 Wheelbarrow
25:35 Fishing Lines
西边有座岛
11:53 Loom
13:59 Feudal Age
18:30 Castle Age
18:48 Double-Bit Axe
19:33 Fletching
23:17 Fishing Lines
23:44 Town Watch
24:15 Bow Saw
76561199026418587
13:05 Loom
16:42 Feudal Age
21:44 Castle Age
21:00 Horse Collar
21:41 Gold Mining
23:37 Gold Shaft Mining
23:19 Squires
24:57 Scale Mail Armor
994327805
3:46 Loom
16:12 Feudal Age
20:07 Castle Age
17:57 Fishing Lines
18:23 Double-Bit Axe
20:19 Bloodlines
20:41 Scale Barding Armor
20:47 Forging
21:33 Bow Saw
22:08 Gillnets
24:38 Wheelbarrow
25:07 Gold Mining
25:07 Stone Mining
26:28 Medium Warships
26:51 Chain Barding Armor
不怜吉带
11:36 Loom
13:28 Feudal Age
15:02 Double-Bit Axe
24:33 Castle Age
23:48 Wheelbarrow
Connection lost

Rejoining the realm…

Still unreachable

The connection could not be restored.

Session expired

The server has moved on; the page needs a fresh start.